 Dungeon Crawl Stone Soup version 0.31-a0-691-g409c26aa35 (webtiles) character file.

Game seed: 14451435869227245214

88 qw the Shooter (level 4, 0/28 HPs)
             Began as a Gargoyle Hunter on Sept 6, 2023.
             Slain by a goblin
             ... wielding a +0 club
             ... led by Robin
              (2 damage)
             ... on level 2 of the Dungeon.
             The game lasted 00:00:31 (1018 turns).

qw the Shooter (Gargoyle Hunter)                    Turns: 1018, Time: 00:00:31

Health: 0/28       AC:  6    Str: 15    XL:     4   Next: 54%
Magic:  4/4        EV:  8    Int:  9    God:
Gold:   48         SH:  0    Dex: 15    Spells: 3/3 levels left

rFire   . . .        Y - +0 shortbow
rCold   . . .        (shield currently unavailable)
rNeg    + . .        c - +0 leather armour
rPois   inf          (no helmet)
rElec   +            (no cloak)
rCorr   .            (no gloves)
SInv    .            (no boots)
Will    .....        (no amulet)
Stlth   ++           (no ring)
HPRegen 0.24/turn    (no ring)
MPRegen 0.09/turn

%: no passive effects
@: constricted
A: sickness immunity, AC +3, negative energy resistance 1, electricity
resistance, torment resistance 1, petrification resistance
a: no special abilities


You were on level 2 of the Dungeon.
You visited 1 branch of the dungeon, and saw 2 of its levels.

You collected 48 gold pieces.


Innate Abilities, Weirdness & Mutations

You are immune to sickness and miasma.
Your stone body is resilient. (AC +3)
You are immune to poison.
You resist negative energy. (rN+)
You are resistant to electric shocks. (rElec)
You are resistant to unholy torment.
You are immune to petrification.


   Skills:
 - Level 3.0 Fighting
 + Level 5.5 Ranged Weapons
 - Level 1.5 Dodging
 - Level 1.1 Stealth


You had 3 spell levels left.
You didn't know any spells.
Your spell library was empty.

Inventory:

Hand Weapons
 Y - a +0 shortbow (weapon)
Armour
 c - a +0 leather armour (worn)
Scrolls
 a - a scroll of teleportation {unknown}
 b - a scroll of immolation {unknown}
 d - a scroll of vulnerability {unknown}
 k - a scroll of enchant weapon {unknown}
 m - 2 scrolls of identify {unknown}
Potions
 e - a potion of lignification {unknown}
 f - a potion of magic {unknown}
 g - a potion of haste {unknown}
 h - a potion of berserk rage {unknown}
 i - a potion of brilliance {unknown}
 j - a potion of heal wounds {unknown}
 l - a potion of resistance {unknown}

Dungeon Overview and Level Annotations

Branches:
Dungeon (2/15)

Altars:


Message History

The arrow hits the kobold.
You kill the kobold!
The goblin hits you with a +0 club.
The frilled lizard bites you but does no damage.
Robin's horned helmet rattles.
You shoot an arrow.
The arrow barely misses the frilled lizard.
The arrow hits Robin.
Robin is lightly wounded.
The goblin hits you with a +0 club.
The frilled lizard bites you but does no damage.
You shoot an arrow.
The arrow barely misses the frilled lizard.
The arrow hits Robin!
Robin is severely wounded.
The goblin hits you with a +0 club. The frilled lizard closely misses you.
Robin throws the goblin at you!
You shoot an arrow.
The arrow barely misses the frilled lizard.
The arrow hits Robin!
You kill Robin!
The goblin closely misses you. The goblin hits you with a +0 club.
The frilled lizard barely misses you. The frilled lizard closely misses you.
The goblin hits you but does no damage. The goblin hits you with a +0 dagger.
You shoot an arrow. The arrow misses the frilled lizard.
The frilled lizard bites you. The goblin hits you but does no damage.
The goblin closely misses you.
You shoot an arrow. The arrow hits the frilled lizard!
You kill the frilled lizard!
The goblin hits you but does no damage. x2
You shoot an arrow. The arrow closely misses the goblin.
The ball python bites you. The ball python completely misses you.
The goblin closely misses you. The goblin hits you but does no damage.
The ball python closely misses you. x2
You shoot an arrow. The arrow hits the goblin.
The goblin is moderately wounded.
The ball python barely misses you. The ball python grabs you.
The ball python constricts you. The goblin hits you with a +0 dagger.
The goblin hits you with a +0 club.
You die...

..# .... # .#.#
..# ..#.# #%..#
###.##.# #..
<#######... #.#
#
..$....#.####.#
## #.gg.....##
###.
##@####...##
#... #.S)#
##...#####..#
#)###
#.#........# #)
#.########.. .
#.# #.. .) ..#
### .# #.. ...
.) #.# # .. #


You could see 2 goblins and a ball python.

Vanquished Creatures
  Robin (D:2)
  An adder (D:1)
  2 dart slugs (D:2)
  An orc (D:2)
  6 endoplasms
  16 goblins
  2 hobgoblins
  8 kobolds
  5 quokkas
  7 ball pythons
  2 bats (D:2)
  5 frilled lizards
  3 rats (D:1)
59 creatures vanquished.

Notes
Turn   | Place    | Note
-------+----------+-------------------------------------------
     0 | D:1      | qw the Gargoyle Hunter began the quest for the Orb.
     0 | D:1      | Reached XP level 1. HP: 12/12 MP: 1/1
     0 | D:1      | 0 ||| qw: Version: 0.3-a-76-g4403597
     0 | D:1      | 0 ||| qw: Game counter: 12
     0 | D:1      | 0 ||| qw: Melee chars always use a shield: true
     0 | D:1      | 0 ||| qw: God list: Okawaru
     0 | D:1      | 0 ||| qw: Allow faded altars: false
     0 | D:1      | 0 ||| qw: Do Orc after clearing Dungeon:15 true
     0 | D:1      | 0 ||| qw: Do second Lair branch before Depths: true
     0 | D:1      | 0 ||| qw: Lair rune preference: random
     0 | D:1      | 0 ||| qw: Goals: Normal
     0 | D:1      | 0 ||| PLANNING D:1-11
   178 | D:1      | Reached XP level 2. HP: 17/17 MP: 2/2
   282 | D:1      | Reached XP level 3. HP: 21/21 MP: 3/3
   424 | D:1      | Reached skill level 5 in Ranged Weapons
   637 | D:1      | 637 ||| READING scroll labelled QYUSKE SOANILL.
   738 | D:1      | 738 ||| DROPPING scroll of butterflies.
   754 | D:2      | 754 ||| STAIRDANCE
   777 | D:2      | Found a faded altar of an unknown god.
   804 | D:2      | Reached skill level 3 in Fighting
   867 | D:2      | Reached XP level 4. HP: 23/28 MP: 4/4
  1001 | D:2      | Noticed Robin
  1014 | D:2      | Killed Robin
  1014 | D:2      | HP: 5/28 [goblin/+0 dagger[Robin] (4)]
  1018 | D:2      | HP: 2/28 [goblin/+0 dagger[Robin] (2)]
  1018 | D:2      | Slain by a goblin

Levels and vault maps discovered:
D:1:      dpeg_arrival_renting, layout_basic
D:2:      layout_rooms, ebering_ecumenical_altar_mist, basic_altar,
          hangedman_feature_mirror, uniq_robin, uniq_crazy_yiuf_cottage

Skill      XL: |  1  2  3 |
---------------+----------+-----
Ranged Weapons | 5 |  5.5
Fighting       | 3 |  3.0
Dodging        | |  1.5
Stealth        | |  1.1

Action                     |  1- 3 |  4- 6 || total
---------------------------+-------+-------++-------
   Fire: Shortbow          |    87 |    39 ||   126
    Use: Scroll            |     1 |       ||     1
 Armour: Leather armour    |    16 |    34 ||    50
  Dodge: Dodged            |     9 |    27 ||    36

Table legend:
 A = Non-vault XP
 B = Vault XP
 C = Vault XP percentage of total XP
 D = Non-vault monster count
 E = Vault monster count
 F = Vault count percentage of total count
                 A         B        C        D         E       F
            +---------+---------+-------+---------+---------+-------
      Total |      86 |      41 |  32.3 |      45 |      14 |  23.7
            +---------+---------+-------+---------+---------+-------
        D:1 |      60 |       0 |   0.0 |      31 |       0 |   0.0
        D:2 |      26 |      41 |  61.2 |      14 |      14 |  50.0
            +---------+---------+-------+---------+---------+-------
